 Dungeon Crawl Stone Soup version 0.31-a0-233-g139696dc86 (webtiles) character file.

Game seed: 12983355310663065333

480 qw the Shooter (level 7, -4/42 HPs)
             Began as a Gargoyle Hexslinger on July 9, 2023.
             Slain by Sigmund
             ... wielding a +0 scythe
              (6 damage)
             ... on level 3 of the Dungeon.
             The game lasted 00:01:27 (2985 turns).

qw the Shooter (Gargoyle Hexslinger)                Turns: 2985, Time: 00:01:28

Health: -4/42      AC: 13    Str: 11    XL:     7   Next: 12%
Magic:  8/8        EV: 10    Int: 14    God:
Gold:   124        SH:  0    Dex: 14    Spells: 7/8 levels left

rFire   . . .        Y - +2 sling
rCold   . . .        (no shield)
rNeg    + . .        d - +0 ring mail
rPois   inf          (no helmet)
rElec   +            (no cloak)
rCorr   .            g - +2 pair of gloves
SInv    .            (no boots)
Will    .....        (no amulet)
Stlth   +            (no ring)
HPRegen 0.27/turn    (no ring)
MPRegen 0.11/turn

%: no passive effects
@: no status effects
A: sickness immunity, AC +4, negative energy resistance 1, electricity
resistance, torment resistance 1, petrification resistance
a: no special abilities


You were on level 3 of the Dungeon.
You visited 1 branch of the dungeon, and saw 4 of its levels.
You also visited: Sewer.

You collected 124 gold pieces.


Innate Abilities, Weirdness & Mutations

You are immune to sickness and miasma.
Your stone body is resilient. (AC +4)
You are immune to poison.
You resist negative energy. (rN+)
You are resistant to electric shocks. (rElec)
You are resistant to unholy torment.
You are immune to petrification.


   Skills:
 + Level 3.9 Fighting
 - Level 6.4 Ranged Weapons
 - Level 1.0 Armour
 - Level 1.5 Dodging
 - Level 1.0 Spellcasting
 - Level 2.6 Hexes


You had 7 spell levels left.
You knew the following spells:

 Your Spells              Type           Power      Damage    Failure   Level
a - Slow                  Hex            32%        N/A       21%         1

Your spell library contained the following spells:

 Spells                   Type           Power      Damage    Failure   Level
 Inner Flame              Hex/Fire       4%         N/A       71%         3
 Portal Projectile        Hex/Tloc       8%         N/A       71%         3
 Cause Fear               Hex            4%         N/A       90%         4

Inventory:

Hand Weapons
 Y - a +2 sling (weapon)
Armour
 d - a +0 ring mail (worn)
 g - a +2 pair of gloves (worn)
Potions
 a - a potion of haste {unknown}
 b - a potion of enlightenment {unknown}
 c - a potion of invisibility {unknown}
 f - a potion of heal wounds {unknown}
 h - a potion of might
 i - a potion of lignification {unknown}
 j - a potion of brilliance {unknown}
 k - 2 potions of attraction {unknown}

Dungeon Overview and Level Annotations

Branches:
Dungeon (4/15)              Sewer (visited)
 Temple: D:4-7

Altars:

Annotations:
D:1 1 transporter
D:3 Sigmund


Message History

You shoot a sling bullet.
You hear some strange, mumbled words.
Something tries to affect you, but you resist.
Something hits you but does no damage.
You shoot a sling bullet. You shoot a sling bullet.
Something hits you but does no damage.
You shoot a sling bullet. Something hits you but does no damage.
You shoot a sling bullet. Something hits you but does no damage.
You shoot a sling bullet. Something hits you but does no damage.
You shoot a sling bullet. You shoot a sling bullet. Something hits you.
You shoot a sling bullet. Something hits you.
You shoot a sling bullet.
Sigmund appears from thin air!
Reactivating autopickup.
Sigmund mumbles some strange words.
Sigmund flickers and vanishes!
Deactivating autopickup; reactivate with Ctrl-A.
You shoot a sling bullet. Something hits you but does no damage.
You shoot a sling bullet. Something hits you but does no damage.
You shoot a sling bullet. Something hits you.
You shoot a sling bullet. You shoot a sling bullet. Something hits you.
You shoot a sling bullet. Something hits you.
You shoot a sling bullet. Something hits you.
You shoot a sling bullet. Something hits you.
You die...

#....#..[......#
...>.............#
#................# .
#..##........<...#
####.. #.. #...........#
.....# #.##...........##
......
#.{.............##
......
###....#..###.....#
......
#%@.....#.##.......
......
.......%##......#.......
......
........##.#..#.:.......
......
.....#.###.#...##......#
.w.... .....#.
#...#.##.%.<... ......
.... .. ##.....#.......
.....# ... ###
#...#.#....... ######
### #...#.##.....#
#...#...#...##


There were no monsters in sight!

Vanquished Creatures
  An ice beast (D:3)
  3 kobold brigands (Sewer)
  7 adders
  4 river rats
  A worm (D:2)
  2 dart slugs
  4 orcs (D:3)
  5 bats (D:1)
  5 endoplasms
  4 giant cockroaches
  4 hobgoblins
  6 jackals
  6 kobolds
  2 quokkas (D:1)
  11 ball pythons
  7 frilled lizards
  6 goblins
  9 rats
87 creatures vanquished.

Notes
Turn   | Place    | Note
-------+----------+-------------------------------------------
     0 | D:1      | qw the Gargoyle Hexslinger began the quest for the Orb.
     0 | D:1      | Reached XP level 1. HP: 12/12 MP: 2/2
     0 | D:1      | 0 ||| qw: Version: 0.3-a-51-g015441d
     0 | D:1      | 0 ||| qw: Game counter: 3974
     0 | D:1      | 0 ||| qw: Melee chars always use a shield: true
     0 | D:1      | 0 ||| qw: God list: Okawaru
     0 | D:1      | 0 ||| qw: Allow faded altars: false
     0 | D:1      | 0 ||| qw: Do Orc after clearing Dungeon:15 true
     0 | D:1      | 0 ||| qw: Do second Lair branch before Depths: true
     0 | D:1      | 0 ||| qw: Lair rune preference: random
     0 | D:1      | 0 ||| qw: Goals: Normal
     0 | D:1      | 0 ||| PLANNING D:1-11
   151 | D:1      | HP: 2/12 [frozen (3)]
   153 | D:1      | Reached XP level 2. HP: 3/16 MP: 3/3
   411 | D:1      | Reached skill level 3 in Ranged Weapons
   593 | D:1      | Reached XP level 3. HP: 21/21 MP: 4/4
   880 | D:1      | 880 ||| UPGRADING to +0 ring mail.
   890 | D:1      | 890 ||| DROPPING +0 robe.
   891 | D:1      | 891 ||| DROPPING +0 leather armour of poison resistance.
   892 | D:1      | 892 ||| UPGRADING to +2 pair of gloves.
   897 | D:1      | 897 ||| READING scroll labelled JOAMUU XEDWUYTUYP.
   898 | D:1      | 898 ||| DROPPING scroll of poison.
  1160 | D:2      | Found a faded altar of an unknown god.
  1175 | D:2      | Reached skill level 1 in Armour
  1817 | D:2      | 1817 ||| DROPPING +6 ring of intelligence.
  1818 | D:2      | 1818 ||| READING scroll labelled ZOSOONT RUXEX.
  1819 | D:2      | 1819 ||| READING scroll labelled LIAJ KARALU.
  1822 | D:2      | 1822 ||| READING scroll labelled JOOHEI KAPNUTEU.
  1823 | D:2      | 1823 ||| READING scroll labelled NYCZEN ODI TIBB.
  1838 | D:3      | You fall into a shaft and drop 1 floor!
  1839 | D:4      | 1839 ||| PLANNING SEWER
  1849 | D:4      | Reached XP level 4. HP: 26/26 MP: 5/5
  1899 | D:4      | Found a glowing drain.
  1950 | Sewer    | Entered a sewer
  1977 | Sewer    | Reached skill level 4 in Ranged Weapons
  2029 | Sewer    | 2029 ||| Stepping ~*~*~tactically~*~*~ (water).
  2030 | Sewer    | Noticed a kobold brigand
  2058 | Sewer    | Killed a kobold brigand
  2059 | Sewer    | Reached skill level 5 in Ranged Weapons
  2059 | Sewer    | Reached XP level 5. HP: 25/30 MP: 6/6
  2059 | Sewer    | 2059 ||| FLEEEEING.
  2060 | Sewer    | 2060 ||| FLEEEEING.
  2061 | Sewer    | 2061 ||| FLEEEEING.
  2062 | Sewer    | 2062 ||| FLEEEEING.
  2063 | Sewer    | 2063 ||| FLEEEEING.
  2064 | Sewer    | 2064 ||| FLEEEEING.
  2065 | Sewer    | 2065 ||| FLEEEEING.
  2106 | Sewer    | 2106 ||| Stepping ~*~*~tactically~*~*~ (water).
  2223 | Sewer    | Noticed a kobold brigand
  2236 | Sewer    | Killed a kobold brigand
  2237 | Sewer    | Reached skill level 3 in Fighting
  2237 | Sewer    | Reached XP level 6. HP: 28/38 MP: 7/7
  2315 | Sewer    | 2315 ||| Stepping ~*~*~tactically~*~*~ (water).
  2452 | Sewer    | 2452 ||| READING scroll labelled TOEKHYCUMA.
  2453 | Sewer    | 2453 ||| Stepping ~*~*~tactically~*~*~ (water).
  2481 | Sewer    | 2481 ||| READING scroll labelled OCWUHI ULATS.
  2482 | Sewer    | 2482 ||| Stepping ~*~*~tactically~*~*~ (water).
  2649 | Sewer    | 2649 ||| DRINKING 2 brown potions.
  2693 | D:4      | 2693 ||| PLANNING D:1-11
  2699 | D:4      | 2699 ||| FLEEEEING.
  2700 | D:4      | 2700 ||| FLEEEEING.
  2701 | D:4      | 2701 ||| FLEEEEING.
  2704 | D:4      | 2704 ||| FLEEEEING.
  2705 | D:4      | 2705 ||| FLEEEEING.
  2706 | D:4      | 2706 ||| FLEEEEING.
  2707 | D:4      | 2707 ||| FLEEEEING.
  2708 | D:4      | 2708 ||| FLEEEEING.
  2709 | D:4      | 2709 ||| FLEEEEING.
  2714 | D:4      | 2714 ||| STAIRDANCE
  2772 | D:3      | Noticed an ice beast
  2785 | D:3      | HP: 7/38 [ice beast (10)]
  2786 | D:3      | 2786 ||| READING scroll of teleportation.
  2946 | D:3      | Noticed Sigmund
  2949 | D:3      | Killed an ice beast
  2950 | D:3      | Reached skill level 6 in Ranged Weapons
  2950 | D:3      | Reached XP level 7. HP: 32/42 MP: 8/8
  2976 | D:3      | HP: 10/42 [something (5)]
  2982 | D:3      | HP: 6/42 [something (1)]
  2984 | D:3      | HP: 2/42 [something (1)]
  2985 | D:3      | Slain by Sigmund

Levels and vault maps discovered:
D:1:      spicycebolla_arrival_risky_transporter, layout_loops_corners
D:2:      layout_basic, hellmonk_ecumenical_altar_run_dry,
          corexii_hall_statues_t, nicolae_eternal_life
D:3:      layout_rooms, uniq_natasha, uniq_sigmund
D:4:      layout_loops_ring, portal_sewer_entry_c

Skill      XL: |  1  2  3  4  5  6 |
---------------+-------------------+-----
Ranged Weapons | 3 5 6 |  6.4
Fighting       | 2 3 |  3.9
Armour         | 1 |  1.0
Dodging        | |  1.5
Spellcasting   | |  1.0
Hexes          | |  2.6

Action                     |  1- 3 |  4- 6 |  7- 9 || total
---------------------------+-------+-------+-------++-------
   Fire: Sling             |   126 |   211 |    36 ||   373
    Use: Scroll            |     5 |     3 |       ||     8
         Potion            |       |     1 |       ||     1
 Armour: Robe              |    15 |       |       ||    15
         Ring mail         |     4 |    90 |    20 ||   114
  Dodge: Dodged            |    28 |   110 |    13 ||   151

Table legend:
 A = Non-vault XP
 B = Vault XP
 C = Vault XP percentage of total XP
 D = Non-vault monster count
 E = Vault monster count
 F = Vault count percentage of total count
                 A         B        C        D         E       F
            +---------+---------+-------+---------+---------+-------
      Total |     277 |     410 |  59.7 |      62 |      25 |  28.7
            +---------+---------+-------+---------+---------+-------
        D:1 |      54 |       0 |   0.0 |      31 |       0 |   0.0
        D:2 |      24 |       0 |   0.0 |      14 |       0 |   0.0
        D:3 |     192 |       0 |   0.0 |      14 |       0 |   0.0
        D:4 |       7 |      21 |  75.0 |       3 |       7 |  70.0
      Sewer |       0 |     389 | 100.0 |       0 |      18 | 100.0
            +---------+---------+-------+---------+---------+-------
